 Dungeon Crawl Stone Soup version 0.21.1-1-g345015fe64 (webtiles) character file.

317977 Henning the Hoplite (level 20, -6/185 HPs)
             Began as a Minotaur Fighter on June 19, 2018.
             Was the Champion of Trog.
             Mangled by a flayed ghost (32 damage)
             ... on level 1 of the Vaults.
             The game lasted 02:43:20 (40140 turns).

Henning the Hoplite (Minotaur Fighter)             Turns: 40140, Time: 02:43:20

Health: -6/185     AC: 44    Str: 26    XL:     20   Next: 56%
Magic:  24/24      EV: 17    Int:  9    God:    Trog [******]
Gold:   4210       SH:  0    Dex: 23    Spells: 19/19 levels left

rFire    + . .     SeeInvis .   J - +6 broad axe "Qiyphual" {protect, +Fly Int+4}
rCold    . . .     Gourm    .   u - +8 large shield
rNeg     . . .     Faith    .   M - +10 plate armour "Wawyppy" {rElec Dex+7}
rPois    .         Spirit   .   (helmet restricted)
rElec    +         Reflect  .   W - +2 cloak of the Disturbing Nights {rF+}
rCorr    .         Harm     .   I - +0 pair of gloves
MR       ++...                  F - +2 pair of boots
Stlth    ..........             (no amulet)
HPRegen  0.40/turn              h - ring of protection from magic
MPRegen  0.19/turn              Y - +6 ring of strength

@: confused, flayed, protection aura
A: retaliatory headbutt, horns 2, clumsy 1, deterioration 1, weak 1
}: 2/15 runes: decaying, serpentine
a: Berserk, Trog's Hand, Brothers in Arms, Burn Spellbooks, Renounce Religion,
Evoke Flight


You were on level 1 of the Vaults.
You worshipped Trog.
Trog was exalted by your worship.
You were hungry.

You visited 9 branches of the dungeon, and saw 37 of its levels.
You also visited: Bailey.

You collected 4637 gold pieces.
You spent 427 gold pieces at shops.

Inventory:

Hand Weapons
 J - the +6 broad axe "Qiyphual" (weapon) {protect, +Fly Int+4}
   (Trog gifted it to you in a bailey)

   It protects the one who uses it against injury (+AC on strike).
   It affects your intelligence (+4).
   It lets you fly.
Armour
 p - the +8 orange crystal plate armour {Archmagi, Int+3 Clar}
   (You acquired it on level 2 of the Elven Halls)

   It affects your intelligence (+3).
   It protects you against confusion.
 u - a +8 large shield (worn)
 F - a +2 pair of boots (worn)
 I - a +0 pair of gloves (worn)
 M - the +10 plate armour "Wawyppy" (worn) {rElec Dex+7}
   (You acquired it on level 1 of the Lair of Beasts)

   It affects your dexterity (+7).
   It insulates you from electricity.
 Q - the +2 pair of boots "Umihodd" {rC+ rCorr Str-3}
   (You found it on level 3 of the Elven Halls)

   It affects your strength (-3).
   It protects you from cold.
   It protects you from acid and corrosion.
 W - the +2 cloak of the Disturbing Nights (worn) {rF+}
   (You bought it in a shop on level 1 of the Elven Halls)

   It protects you from fire.
Jewellery
 h - a ring of protection from magic (left hand)
 v - a +5 ring of strength
 w - an uncursed ring of resist corrosion
 T - an uncursed ring of poison resistance
 Y - a +6 ring of strength (right hand)
Wands
 a - a wand of acid (8)
 b - a wand of digging (15)
 o - a wand of random effects (37)
 x - a wand of polymorph (16)
 y - a wand of scattershot (5)
 L - a wand of flame (56)
 N - a wand of disintegration (5)
 X - a wand of enslavement (11)
Scrolls
 c - 6 scrolls of enchant weapon
 e - 3 scrolls of enchant armour
 g - 20 scrolls of teleportation
 j - 2 scrolls of identify
 l - 3 scrolls of magic mapping
 s - 3 scrolls of remove curse
 t - 6 scrolls of fog
 B - 2 scrolls of brand weapon
 E - 3 scrolls of fear
 U - 3 scrolls of blinking
 Z - a scroll of holy word {unknown}
Potions
 d - 3 potions of might
 i - 9 potions of lignification
 k - 7 potions of flight
 m - 6 potions of curing
 n - 2 potions of magic
 r - 9 potions of agility
 z - 4 potions of resistance
 A - a potion of invisibility
 C - 3 potions of cancellation
 G - 6 potions of heal wounds
 K - 8 potions of brilliance
 O - 2 potions of ambrosia
 P - 2 potions of haste
 V - a potion of mutation
Miscellaneous
 D - 3 boxes of beasts
 H - a lightning rod (4/4)
 R - a lightning rod (4/4)
Comestibles
 f - 62 rations


   Skills:
 + Level 17.6 Fighting
 - Level 20.0 Axes
 + Level 17.6 Armour
 + Level 12.8 Dodging
 * Level 23.2 Shields
 - Level 7.0 Evocations


You had 19 spell levels left.
You didn't know any spells.

Dungeon Overview and Level Annotations

Branches:
Dungeon (15/15)            Temple (1/1) D:5            Lair (6/6) D:9
  Swamp (4/4) Lair:3        Snake (4/4) Lair:4        Slime (1/5) Lair:6
    Orc (2/2) D:10            Elf (3/3) Orc:2        Vaults (1/5) D:13
 Depths (0/5) D:15

Altars:
Cheibriados
Dithmenos
Kikubaaqudgha
Nemelex Xobeh
Ru
Sif Muna
Trog
Zin
The Shining One
Beogh

Shops:
D:9 =   Orc:2 *[=(   Elf:1 [   Elf:2 *   Snake:3 *

Annotations:
D:11 Sonja


Innate Abilities, Weirdness & Mutations

You reflexively headbutt those who attack you in melee.
You have a pair of horns on your head.
You are clumsy. (Dex -2)
Your body sometimes deteriorates upon taking damage.
You are weak. (Str -2)


Message History

Trog accepts your kill.
You hit the wizard. You closely miss the vault warden.
You hit the deep elf archer.
The runic seal fades away.
The flayed ghost cries, "Suffer as I suffered!"
The deep elf archer hits you but does no damage.
The wizard completely misses you.
The vault warden hits you with a dire flail.
* * * LOW HITPOINT WARNING * * *
You are feeling hungry.
You slash the vault warden! You headbutt the vault warden!
The vault warden is almost dead.
You slash the wizard! You hit the flayed ghost.
You slash the ironbrand convoker! You slice the deep elf archer!!
You kill the deep elf archer!
Trog accepts your kill.
Trog appreciates your killing of a magic user.
The golden eye changes into a wind drake!
The ironbrand convoker hits you but does no damage.
The flayed ghost hits you!!
You die...

##### ##...##
#.....#
#####.....#####
#.....pp......#
#......@......+
#.....Wp).....#
###...(..k......#
#................
#.................
#.........∩.......
+.................
##.....(..........
###.............#


You could see a vault warden, a flayed ghost, a wind drake shaped shifter, an
ironbrand convoker and a wizard.

Vanquished Creatures
  A tentacled monstrosity (Swamp:4)
  Rupert (Lair:5)
  3 deep elf master archers (Elf:3)
  A deep elf blademaster (Elf:3)
  2 acid blobs
  Frances (Swamp:1)
  Agnes (Elf:2)
  Kirke (Snake:3)
  3 thorn hunters
  11 nagarajas
  4 deep elf sorcerers (Elf:3)
  3 azure jellies
  3 orc warlords
  Aizul (Snake:3)
  Louise (Elf:2)
  6 deep elf elementalists
  3 very ugly things (Swamp:4)
  A deep elf demonologist (Elf:3)
  Nessos (Lair:4)
  8 deep elf annihilators (Elf:3)
  Azrael (D:13)
  2 green deaths (Swamp:4)
  3 deep elf death magi (Elf:3)
  2 death oozes (Swamp:4)
  A fire dragon (D:15)
  An ice dragon (D:15)
  The ghost of Mesmodan the Unseen, a journeyman SpEn of Gozag (D:12)
  A great orb of eyes (Vaults:1)
  4 deep elf high priests (Elf:3)
  14 naga warriors
  A hell beast (Swamp:4)
  A rakshasa (D:15)
  3 vault guards (D:13)
  18 hydras
  22 anacondas
  A death knight (D:15)
  18 alligators
  2 ghost crabs
  2 centaur warriors
  4 two-headed ogres
  25 dancing weapons
  Erica (Lair:2)
  8 orc high priests
  A thrashing horror (Swamp:4)
  5 naga sharpshooters
  9 shock serpents
  Urug (Lair:4)
  10 deep elf knights
  The ghost of Chudej the Thaumaturge, a novice DECj of Sif Muna (D:12)
  3 unseen horrors
  2 salamander mystics
  6 naga ritualists
  12 swamp dragons
  13 deep elf archers
  6 shambling mangroves
  An ironbrand convoker (Vaults:1)
  46 deep elf magi
  8 mana vipers
  3 necromancers (D:13)
  5 orc knights
  A shining eye (Slime:1)
  5 orc sorcerers
  An oklob plant (Lair:6)
  18 ugly things
  11 salamanders
  2 cyclopes
  A manticore (D:10)
  3 centaur zombies
  11 guardian serpents
  32 black mambas
  Psyche (D:8)
  16 naga magi
  A gargoyle (D:13)
  An orange demon (Swamp:4)
  32 spiny frogs
  A rime drake (Lair:6)
  2 yaktaurs (D:13)
  A kobold demonologist (D:14)
  4 centaur skeletons
  4 freezing wraiths
  A yaktaur (shapeshifter) (D:14)
  3 komodo dragons
  A polar bear (Lair:4)
  3 trolls
  21 hornets
  27 blink frogs
  31 slime creatures
  8 tyrant leeches
  2 dream sheep (D:9)
  10 bog bodies
  10 hippogriffs
  A redback (shapeshifter) (D:13)
  Sigmund (D:5)
  6 shadows
  4 air elementals
  2 wyverns
  8 spriggans
  4 wraiths
  A vampire (D:12)
  7 fire elementals
  3 water elementals
  50 yaks
  2 hogs (Snake:3)
  18 humans
  A basilisk (Lair:2)
  A steam dragon (D:11)
  A hungry ghost (D:14)
  26 vampire mosquitoes
  22 swamp worms
  3 wargs
  13 insubstantial wisps
  41 nagas
  A small abomination (Swamp:4)
  10 water moccasins
  2 hell hounds (D:13)
  A soldier ant (D:13)
  Edmund (D:4)
  5 porcupines
  Duvessa (D:4)
  6 swamp drakes
  57 orc warriors
  7 sky beasts
  2 hornet zombies
  6 ice beasts
  2 phantoms
  13 ogres
  4 wolves (Lair:3)
  18 centaurs
  8 crocodiles
  5 big kobolds
  20 bullfrogs
  A gnoll sergeant (Orc:1)
  An earth elemental (Elf:1)
  A wyvern skeleton (D:15)
  4 scorpions
  Dowan (D:4)
  14 wights
  6 killer bees
  5 howler monkeys
  10 electric eels
  9 crimson imps
  3 bullfrog zombies
  4 jellies
  7 hounds
  30 orc wizards
  A gnoll shaman (D:7)
  18 orc priests
  Crazy Yiuf (D:4)
  2 bullfrog skeletons
  6 iguanas
  8 worker ants
  A hound skeleton (D:5)
  A hound zombie (D:3)
  A howler monkey zombie (D:8)
  21 gnolls
  15 adders
  2 howler monkey skeletons
  5 shadow imps
  An ooze (D:1)
  An adder skeleton (D:8)
  6 worms
  2 dart slugs
  131 orcs
  5 giant cockroaches
  18 goblins
  20 hobgoblins
  9 jackals
  4 quokkas
  2 ball pythons (Lair:4)
  4 bats
  3 frilled lizards
  20 kobolds
  A leopard gecko skeleton (D:4)
  A quokka zombie (D:9)
  7 rats
  4 crawling corpses (Elf:3)
  4 fungi
  9 plants
1403 creatures vanquished.

Vanquished Creatures (others)
  A deep elf blademaster (Elf:3)
  A deep elf death mage (Elf:3)
  An insubstantial wisp (Swamp:1)
  A sky beast (D:11)
  A giant cockroach (D:5)
  2 briar patches (Swamp:4)
  4 fungi
  10 plants
21 creatures vanquished.

Grand Total: 1424 creatures vanquished

Notes
Turn   | Place    | Note
-------+----------+-------------------------------------------
     0 | D:1      | Henning the Minotaur Fighter began the quest for the Orb.
     0 | D:1      | Reached XP level 1. HP: 19/19 MP: 0/0
    82 | D:1      | Reached XP level 2. HP: 22/27 MP: 1/1
   440 | D:1      | Reached skill level 4 in Shields
   867 | D:2      | Reached XP level 3. HP: 32/33 MP: 2/2
   876 | D:2      | Reached skill level 1 in Dodging
  1118 | D:2      | Reached XP level 4. HP: 36/40 MP: 3/3
  1558 | D:3      | Found a deep blue altar of Sif Muna.
  1558 | D:3      | Found a glowing silver altar of Zin.
  1834 | D:4      | Found a runed door.
  1928 | D:4      | Reached XP level 5. HP: 47/47 MP: 4/4
  1963 | D:4      | Noticed an ogre
  1973 | D:4      | Killed an ogre
  1973 | D:4      | Reached skill level 5 in Shields
  2138 | D:4      | Noticed Edmund
  2151 | D:4      | Killed Edmund
  2151 | D:4      | Reached skill level 5 in Fighting
  2151 | D:4      | Reached XP level 6. HP: 53/56 MP: 5/5
  2362 | D:4      | Reached skill level 5 in Armour
  2536 | D:4      | Reached skill level 5 in Axes
  3138 | D:4      | Noticed Crazy Yiuf
  3143 | D:4      | Killed Crazy Yiuf
  3174 | D:5      | Entered Level 5 of the Dungeon
  3174 | D:5      | Noticed Duvessa
  3174 | D:5      | Noticed Dowan
  3174 | D:5      | Noticed Sigmund
  3198 | D:4      | Killed Dowan
  3198 | D:4      | Reached skill level 6 in Shields
  3201 | D:4      | Killed Duvessa
  3201 | D:4      | Reached XP level 7. HP: 13/61 MP: 6/6
  3708 | D:5      | Found a staircase to the Ecumenical Temple.
  3726 | Temple   | Entered the Ecumenical Temple
  3762 | Temple   | Became a worshipper of Trog the Wrathful
  4513 | D:7      | Reached skill level 7 in Shields
  4775 | D:7      | Reached XP level 8. HP: 65/70 MP: 7/7
  5349 | D:7      | Reached skill level 8 in Shields
  5352 | D:7      | Reached * piety under Trog
  5941 | D:8      | Found a snail-covered altar of Cheibriados.
  5985 | D:8      | Reached XP level 9. HP: 60/79 MP: 8/8
  6012 | D:8      | Reached ** piety under Trog
  6017 | D:8      | Reached skill level 9 in Shields
  6376 | D:8      | Noticed Psyche
  6391 | D:8      | Noticed a two-headed ogre
  6398 | D:8      | Killed a two-headed ogre
  7006 | D:8      | Reached skill level 10 in Shields
  7331 | D:8      | Killed Psyche
  7681 | D:5      | Killed Sigmund
  7770 | D:5      | Found a sacrificial altar of Ru.
  8024 | D:9      | Reached skill level 10 in Axes
  8024 | D:9      | Reached XP level 10. HP: 82/88 MP: 9/9
  8026 | D:9      | Found Reriofap's Jewellery Boutique.
  8055 | D:9      | Noticed a two-headed ogre
  8063 | D:9      | Killed a two-headed ogre
  8232 | D:9      | Reached skill level 11 in Shields
  8516 | D:9      | Noticed a purple ugly thing
  8520 | D:9      | Noticed a two-headed ogre
  8540 | D:9      | Noticed a deep elf mage
  8621 | D:9      | Reached *** piety under Trog
  8900 | D:9      | Noticed a three-headed hydra
  8911 | D:9      | Killed a ten-headed hydra
  9117 | D:9      | Found a staircase to the Lair.
  9118 | D:9      | Noticed a two-headed ogre
  9128 | D:9      | Killed a two-headed ogre
  9128 | D:9      | Reached skill level 12 in Shields
  9128 | D:9      | Reached XP level 11. HP: 88/97 MP: 10/10
  9145 | Lair:1   | Entered Level 1 of the Lair of Beasts
  9193 | D:10     | Entered Level 10 of the Dungeon
  9436 | D:10     | Reached **** piety under Trog
  9495 | D:10     | Found a staircase to the Orcish Mines.
  9686 | D:10     | Killed an unseen horror
 10164 | D:11     | Noticed a green ugly thing
 10177 | D:11     | Killed a green ugly thing
 10287 | D:11     | Killed an unseen horror
 10691 | D:11     | Reached skill level 10 in Fighting
 10726 | D:11     | Noticed a white ugly thing
 10745 | D:11     | Killed a white ugly thing
 10745 | D:11     | Reached skill level 13 in Shields
 11164 | D:11     | Reached skill level 10 in Armour
 11946 | D:11     | Noticed a two-headed ogre
 11954 | D:11     | Killed a two-headed ogre
 11954 | D:11     | Reached XP level 12. HP: 85/107 MP: 11/11
 12016 | D:11     | Reached ***** piety under Trog
 12092 | D:11     | Noticed Sonja
 12176 | D:12     | Noticed Chudej's ghost (novice DECj)
 12193 | D:12     | Killed Chudej's ghost
 12204 | D:12     | Noticed Mesmodan's ghost (journeyman SpEn)
 12288 | D:12     | Killed Mesmodan's ghost
 12500 | D:12     | Reached skill level 14 in Shields
 12880 | D:13     | Noticed a four-headed hydra
 12909 | D:13     | Killed a ten-headed hydra
 13135 | D:13     | Found a gate to the Vaults.
 13135 | D:13     | Noticed a vault guard
 13135 | D:13     | Noticed a vault guard
 13135 | D:13     | Noticed a vault guard
 13145 | D:13     | Killed a vault guard
 13146 | D:13     | Killed a vault guard
 13146 | D:13     | Reached skill level 15 in Shields
 13146 | D:13     | Reached XP level 13. HP: 116/116 MP: 12/12
 13280 | D:13     | Noticed Azrael
 13302 | D:13     | Killed Azrael
 13302 | D:13     | Reached skill level 15 in Axes
 13794 | D:13     | Reached ****** piety under Trog
 14030 | D:14     | Received a gift from Trog
 14453 | D:14     | Found a flagged portal.
 14465 | Bailey   | Entered a bailey
 14483 | Bailey   | Received a gift from Trog
 14495 | Bailey   | Got a brightly glowing broad axe {god gift}
 14496 | Bailey   | Identified the +6 broad axe "Qiyphual" {protect, +Fly Int+4} (Trog gifted it to you in a bailey)
 14765 | Bailey   | Noticed an orc warlord
 14782 | Bailey   | Killed an orc warlord
 14972 | D:14     | Received a gift from Trog
 15373 | D:14     | Found a glowing golden altar of the Shining One.
 15541 | D:15     | Entered Level 15 of the Dungeon
 15587 | D:15     | Reached skill level 16 in Shields
 15708 | D:15     | Paralysed by fainting for 5 turns
 15751 | D:15     | Identified a scroll of acquirement
 15988 | D:15     | Identified the Compendium of Noxious Feathers
 16400 | D:15     | Reached XP level 14. HP: 68/127 MP: 13/13
 16677 | D:15     | Found a staircase to the Depths.
 16824 | Orc:1    | Entered Level 1 of the Orcish Mines
 16990 | Orc:1    | Found a roughly hewn altar of Beogh.
 17071 | Orc:1    | Noticed an orc warlord
 17090 | Orc:1    | Killed an orc warlord
 17377 | Orc:2    | Entered Level 2 of the Orcish Mines
 17518 | Orc:2    | Found a staircase to the Elven Halls.
 17611 | Orc:2    | Received a gift from Trog
 17625 | Orc:2    | Reached skill level 17 in Shields
 18351 | Orc:2    | Noticed an orc warlord
 18375 | Orc:2    | Killed an orc warlord
 18392 | Orc:2    | Found Xynnigh's Antique Armour Emporium.
 18393 | Orc:2    | Found Guusm's Antique Weapon Shoppe.
 18395 | Orc:2    | Found Moinuomn's General Store.
 18395 | Orc:2    | Found Ippao's Jewellery Emporium.
 18524 | Orc:2    | Received a gift from Trog
 19022 | Lair:1   | Got a heavily runed plate armour
 19033 | Lair:1   | Identified the +10 plate armour "Wawyppy" {rElec Dex+7} (You acquired it on level 1 of the Lair of Beasts)
 19729 | Lair:2   | Found a bloodstained altar of Trog.
 19734 | Lair:2   | Noticed Erica
 19743 | Lair:2   | Killed Erica
 20028 | Lair:2   | Reached XP level 15. HP: 136/136 MP: 14/14
 21212 | Lair:3   | Reached XP level 16. HP: 142/144 MP: 15/15
 21231 | Lair:3   | Found a staircase to the Swamp.
 21246 | Lair:3   | Received a gift from Trog
 21394 | Lair:4   | Found a staircase to the Snake Pit.
 21415 | Snake:1  | Entered Level 1 of the Snake Pit
 21538 | Snake:1  | Reached skill level 18 in Shields
 23021 | Snake:2  | Reached skill level 1 in Evocations
 23032 | Snake:2  | Received a gift from Trog
 24080 | Snake:3  | Noticed Aizul
 24092 | Snake:3  | Killed Aizul
 24251 | Snake:3  | Noticed Kirke
 24294 | Snake:3  | Killed Kirke
 24423 | Snake:3  | Found Icassay's General Store.
 24693 | Snake:4  | Entered Level 4 of the Snake Pit
 24753 | Snake:4  | Received a gift from Trog
 24762 | Snake:4  | Reached skill level 19 in Shields
 25089 | Snake:4  | Reached XP level 17. HP: 145/154 MP: 18/18
 26052 | Snake:4  | Received a gift from Trog
 26465 | Snake:4  | Reached skill level 5 in Evocations
 26507 | Snake:4  | Reached skill level 15 in Armour
 26517 | Snake:4  | Reached skill level 15 in Fighting
 26964 | Snake:4  | Reached skill level 20 in Shields
 27180 | Snake:4  | Got a serpentine rune of Zot
 27417 | Lair:4   | Received a gift from Trog
 27449 | Lair:4   | Noticed Urug
 27465 | Lair:4   | Killed Urug
 27651 | Lair:4   | Noticed Nessos
 27666 | Lair:4   | Killed Nessos
 27771 | Lair:5   | Noticed Rupert
 27794 | Lair:5   | Killed Rupert
 28643 | Lair:6   | Entered Level 6 of the Lair of Beasts
 28696 | Lair:6   | Reached XP level 18. HP: 163/163 MP: 21/21
 28800 | Lair:6   | Received a gift from Trog
 29037 | Lair:6   | Found a staircase to the Slime Pits.
 29604 | Slime:1  | Entered Level 1 of the Pits of Slime
 29919 | Swamp:1  | Entered Level 1 of the Swamp
 30300 | Swamp:1  | Received a gift from Trog
 30592 | Swamp:1  | Noticed Frances
 30618 | Swamp:1  | Killed Frances
 30642 | Swamp:1  | Reached skill level 10 in Dodging
 31799 | Swamp:2  | Paralysed by a hornet for 1 turns
 32143 | Swamp:3  | Reached skill level 21 in Shields
 33049 | Swamp:4  | Entered Level 4 of the Swamp
 33082 | Swamp:4  | Noticed a tentacled monstrosity
 33100 | Swamp:4  | Killed a tentacled monstrosity
 33127 | Swamp:4  | Received a gift from Trog
 33422 | Swamp:4  | Reached XP level 19. HP: 172/172 MP: 23/23
 34925 | Swamp:4  | Received a gift from Trog
 35429 | Swamp:4  | Got a decaying rune of Zot
 35687 | Slime:1  | Gained mutation: You are weak. (Str -2) [a shining eye]
 35688 | Slime:1  | Gained mutation: You are clumsy. (Dex -2) [a shining eye]
 35695 | Slime:1  | Gained mutation: Your body sometimes deteriorates upon taking damage. [a shining eye]
 36185 | Elf:1    | Entered Level 1 of the Elven Halls
 36304 | Elf:1    | Found Sauffexe's Armour Emporium.
 36315 | Elf:1    | Bought the +2 cloak of the Disturbing Nights {rF+} for 427 gold pieces
 37032 | Elf:1    | Received a gift from Trog
 37169 | Elf:2    | Reached skill level 22 in Shields
 37250 | Elf:2    | Found a runed gate.
 37250 | Elf:2    | Found a runed gate.
 37251 | Elf:2    | Found a runed gate.
 37255 | Elf:2    | Noticed Louise
 37295 | Elf:2    | Killed Louise
 37691 | Elf:2    | Received a gift from Trog
 37769 | Elf:2    | Found Tiuw's Assorted Antiques.
 37866 | Elf:2    | Noticed Agnes
 37875 | Elf:2    | Killed Agnes
 38026 | Elf:2    | Found the +8 orange crystal plate armour {Archmagi, Int+3 Clar}
 38354 | Elf:3    | Entered Level 3 of the Elven Halls
 38399 | Elf:3    | Reached XP level 20. HP: 184/184 MP: 24/24
 38718 | Elf:3    | Received a gift from Trog
 39186 | Elf:3    | Got a translucent war axe
 39256 | Elf:3    | Reached skill level 23 in Shields
 39580 | Elf:3    | Got a pair of ancient boots
 39591 | Elf:3    | Identified the +2 pair of boots "Umihodd" {rC+ rCorr Str-3} (You found it on level 3 of the Elven Halls)
 40121 | Vaults:1 | Entered Level 1 of the Vaults
 40140 | Vaults:1 | Mangled by a flayed ghost

Skill      XL: |  1  2  3  4  5  6  7  8  9 10 11 12 13 14 15 16 17 18 19 20 |
---------------+-------------------------------------------------------------+-----
Shields        | 4 5 6 7 8 10 12 13 15 16 17 19 20 21 22 23 | 23.2
Fighting       | 4 5 7 8 9 10 11 12 13 14 15 16 17 | 17.6
Armour         | 4 5 6 8 9 10 11 12 13 14 15 16 17 | 17.6
Dodging        | 1 6 7 9 10 12 | 12.8
Axes           | 3 4 5 6 8 10 11 13 14 16 17 18 19 20 | 20.0
Evocations     | 3 5 7 |  7.0

Action                   |  1- 3 |  4- 6 |  7- 9 | 10-12 | 13-15 | 16-18 | 19-21 || total
-------------------------+-------+-------+-------+-------+-------+-------+-------++-------
Melee: War axe           |   106 |   100 |   284 |   790 |   147 |       |       ||  1427
       Headbutt          |    13 |    20 |    58 |   163 |   240 |   589 |   254 ||  1337
       Broad axe         |       |       |       |       |   696 |  1589 |   801 ||  3086
       Unarmed           |       |       |       |       |       |     1 |       ||     1
Invok: Berserk           |       |       |     2 |     7 |     7 |     2 |     2 ||    20
       Trog's Hand       |       |       |     1 |     2 |     1 |     2 |     4 ||    10
       Burn Spellbooks   |       |       |       |     1 |     5 |     1 |     2 ||     9
       Brothers in Arms  |       |       |       |       |       |     1 |       ||     1
 Abil: Stop Flying       |       |       |       |       |       |     1 |     1 ||     2
       Evoke Flight      |       |       |       |       |       |     1 |     1 ||     2
  Use: Scroll            |       |       |    16 |     6 |    15 |    13 |     6 ||    56
       Potion            |       |       |       |       |     1 |     2 |     4 ||     7
 Stab: Distracted        |       |       |       |       |       |     2 |     1 ||     3
  Eat: Chunk             |     1 |     5 |    18 |    24 |    33 |    34 |    19 ||   134
       Ration            |       |       |       |       |     1 |     3 |     2 ||     6
Armor: Scale mail        |    45 |    24 |    27 |       |       |       |       ||    96
       Plate armour      |       |       |    71 |   278 |   199 |   538 |   181 ||  1267
Dodge: Dodged            |    39 |    13 |    37 |    57 |    69 |   328 |   180 ||   723
Block: Shield            |    65 |     6 |       |       |       |       |       ||    71
       Large shield      |       |    84 |   292 |   737 |   805 |  2182 |   911 ||  5011
